General information
- name: BNet
- type: Ladder team game (AT/RT)
- host: Battle.net
- saver: TheBlackOrder
map: HurricaneIsle
- players: 8
- length: 66:36
- speed: Fast
- version: 1.26 W3XP
- replay type: Public
» download(301 KB)
Players
team 1 (loser)

»
ThVampireLestat (
pink | 47 APM | 2483 actions | 53:03)
7 Death Knight
3 Death Coil
3 Unholy Aura
1 Animate Dead
6 Dreadlord
3 Carrion Swarm
2 Vampiric Aura
1 Inferno
5 Lich
3 Frost Nova
2 Dark Ritual
» actions
| Assign group hotkey | 44 | |
| Basic commands | 170 | |
| Build / train | 120 | |
| ESC pressed | 3 | |
| Enter build submenu | 36 | |
| Enter hero's abilities submenu | 18 | |
| Give item / drop item | 1 | |
| Remove unit from queue | 1 | |
| Right click | 901 | |
| Select / deselect | 668 | |
| Select group hotkey | 384 | |
| Use ability | 137 | |
2483 total
» units
| Acolyte | 23 | |
| Ghoul | 2 | |
| Crypt Fiend | 6 | |
| Goblin Zeppelin | 3 | |
| Goblin Shredder | 1 | |
| Frost Wyrm | 6 | |
| Gargoyle | 19 | |
| Necromancer | 2 | |
| Obsidian Statue | 1 | |
63 total
» upgrades
| Creature Attack | 3 | |
| Web | 1 | |
| Freezing Breath | 1 | |
| Creature Carapace | 3 | |
| Unholy Armor | 1 | |
| Unholy Strength | 2 | |
| Stone Form | 1 | |
| Ghoul Frenzy | 1 | |
| Necromancer Training | 1 | |
14 total
» buildings
| Graveyard | 1 | |
| Crypt | 7 | |
| Altar of Darkness | 2 | |
| Ziggurat | 9 | |
| Tomb of Relics | 1 | |
| Halls of the Dead | 1 | |
| Black Citadel | 1 | |
| Sacrificial Pit | 1 | |
| Boneyard | 2 | |
| Necropolis | 3 | |
| Temple of the Damned | 1 | |
| Slaughterhouse | 1 | |
| Spirit Tower | 1 | |
31 total
» build order
00:34 Graveyard
00:36 Crypt
00:40 Altar of Darkness
00:55 Ziggurat
01:13 Ziggurat
02:26 Tomb of Relics
02:35 Ziggurat
05:00 Halls of the Dead
06:26 Ziggurat
07:08 Ziggurat
08:08 Black Citadel
08:32 Sacrificial Pit
09:25 Ziggurat
12:15 Boneyard
12:17 Boneyard
13:42 Ziggurat
16:30 Ziggurat
16:31 Ziggurat
16:32 Necropolis
17:19 Crypt
17:20 Crypt
20:17 Temple of the Damned
20:19 Slaughterhouse
28:22 Crypt
28:23 Crypt
28:25 Crypt
29:09 Crypt
29:23 Necropolis
30:14 Altar of Darkness
31:13 Spirit Tower
32:51 Necropolis
» items
| Rod of Necromancy | 2 | |
| Sacrificial Skull | 4 | |
| Scroll of Town Portal | 2 | |
| Potion of Healing | 1 | |
| Orb of Corruption | 2 | |
| Scroll of Healing | 2 | |
| Potion of Mana | 2 | |
15 total

»
Gunglain (
purple | 33 APM | 1882 actions | 56:33)
5 Blademaster
1 Mirror Image
1 Wind Walk
3 Critical Strike
4 Shadow Hunter
2 Healing Wave
2 Hex
4 Tauren Chieftain
2 Endurance Aura
2 War Stomp
» actions
| Assign group hotkey | 5 | |
| Build / train | 102 | |
| Enter build submenu | 26 | |
| Enter hero's abilities submenu | 13 | |
| Give item / drop item | 18 | |
| Right click | 877 | |
| Select / deselect | 454 | |
| Select group hotkey | 248 | |
| Use ability | 136 | |
1882 total
» units
| Peon | 14 | |
| Goblin Zeppelin | 4 | |
| Troll Batrider | 8 | |
| Wind Rider | 12 | |
38 total
» upgrades
| Spiked Barricades | 3 | |
| Ranged Weapons | 3 | |
| Armor | 3 | |
| Liquid Fire | 1 | |
| Reinforced Defenses | 1 | |
| Envenomed Spears | 1 | |
| Pillage | 1 | |
| Shaman Training | 1 | |
| Witch Doctor Training | 1 | |
| Spirit Walker Training | 1 | |
16 total
» buildings
| Altar of Storms | 2 | |
| Orc Burrow | 6 | |
| Voodoo Lounge | 1 | |
| War Mill | 1 | |
| Stronghold | 1 | |
| Watch Tower | 7 | |
| Beastiary | 2 | |
| Fortress | 1 | |
| Spirit Lodge | 1 | |
| Tauren Totem | 1 | |
| Great Hall | 1 | |
24 total
» build order
00:29 Altar of Storms
00:34 Orc Burrow
00:39 Voodoo Lounge
02:08 Orc Burrow
03:08 Orc Burrow
03:46 Orc Burrow
03:58 War Mill
05:09 Orc Burrow
06:09 Stronghold
06:52 Watch Tower
08:11 Watch Tower
09:40 Beastiary
09:42 Fortress
10:46 Spirit Lodge
12:22 Tauren Totem
13:41 Watch Tower
15:09 Orc Burrow
17:39 Great Hall
20:28 Watch Tower
22:10 Watch Tower
23:22 Beastiary
24:44 Watch Tower
27:21 Altar of Storms
44:21 Watch Tower
» items
| Healing Salve | 4 | |
| Lesser Clarity Potion | 3 | |
| Scroll of Speed | 7 | |
| Potion of Healing | 2 | |
| Potion of Mana | 2 | |
| Orb of Lightning | 2 | |
| Alleria's Flute of Accuracy | 1 | |
| Legion Doom-Horn | 1 | |
| Book of the Dead | 1 | |
| Claws of Attack +12 | 1 | |
| Runed Bracers | 1 | |
| Healing Wards | 1 | |
| Belt of Giant Strength +6 | 1 | |
| Scourge Bone Chimes | 1 | |
| Helm of Valor | 1 | |
29 total
ABabySeal (
green | 54 APM | 3612 actions | 66:35)
6 Blood Mage
3 Flame Strike
2 Siphon Mana
1 Summon Phoenix
» actions
| Assign group hotkey | 136 | |
| Basic commands | 239 | |
| Build / train | 104 | |
| Enter build submenu | 39 | |
| Enter hero's abilities submenu | 6 | |
| Give item / drop item | 7 | |
| Right click | 1248 | |
| Select / deselect | 617 | |
| Select group hotkey | 1046 | |
| Use ability | 170 | |
3612 total
» units
| Peasant | 19 | |
| Footman | 8 | |
| Goblin Shredder | 1 | |
| Sorceress | 2 | |
| Goblin Zeppelin | 6 | |
| Gryphon Rider | 9 | |
| Goblin Sapper | 3 | |
48 total
» upgrades
| Defend | 1 | |
| Sorceress Training | 1 | |
| Plating | 3 | |
| Masonry | 3 | |
| Gunpowder | 3 | |
| Flak Cannons | 1 | |
| Barrage | 1 | |
| Animal War Training | 1 | |
| Lumber Harvesting | 2 | |
| Swords | 3 | |
| Armor | 3 | |
| Magic Sentry | 1 | |
| Storm Hammers | 1 | |
24 total
» buildings
| Farm | 7 | |
| Altar of Kings | 1 | |
| Barracks | 1 | |
| Keep | 1 | |
| Arcane Vault | 4 | |
| Arcane Sanctum | 1 | |
| Lumber Mill | 1 | |
| Town Hall | 10 | |
| Blacksmith | 1 | |
| Castle | 1 | |
| Workshop | 4 | |
| Gryphon Aviary | 6 | |
38 total
» build order
00:41 Farm
01:07 Altar of Kings
01:13 Farm
01:20 Barracks
02:17 Farm
02:19 Farm
02:39 Keep
03:44 Farm
04:04 Arcane Vault
05:04 Arcane Sanctum
05:10 Lumber Mill
06:28 Town Hall
06:57 Blacksmith
09:03 Castle
10:55 Workshop
10:56 Workshop
10:57 Workshop
10:57 Workshop
14:12 Town Hall
21:09 Town Hall
23:32 Town Hall
24:38 Gryphon Aviary
24:39 Gryphon Aviary
24:40 Gryphon Aviary
24:40 Gryphon Aviary
24:41 Gryphon Aviary
24:46 Gryphon Aviary
25:50 Farm
25:51 Farm
26:07 Town Hall
33:43 Town Hall
37:02 Town Hall
42:42 Arcane Vault
46:15 Arcane Vault
46:26 Town Hall
49:57 Town Hall
53:06 Town Hall
57:55 Arcane Vault
» items
| Scroll of Regeneration | 6 | |
| Lesser Clarity Potion | 3 | |
| Scroll of Healing | 1 | |
| Staff of Teleportation | 1 | |
| Potion of Healing | 1 | |
| Potion of Mana | 2 | |
| Scroll of Town Portal | 8 | |
| Orb of Corruption | 1 | |
23 total

»
NE1 (
blue | 17 APM | 918 actions | 53:40)
6 Far Seer
1 Feral Spirit
1 Far Sight
3 Chain Lighting
1 Earth Quake
3 Shadow Hunter
2 Healing Wave
1 Hex
» actions
| Assign group hotkey | 25 | |
| Basic commands | 76 | |
| Build / train | 83 | |
| Enter build submenu | 39 | |
| Enter hero's abilities submenu | 9 | |
| Give item / drop item | 3 | |
| Right click | 166 | |
| Select / deselect | 329 | |
| Select group hotkey | 119 | |
| Use ability | 69 | |
918 total
» units
| Peon | 11 | |
| Troll Headhunter/Berserker | 12 | |
| Troll Witch Doctor | 5 | |
| Wind Rider | 18 | |
| Shaman | 4 | |
| Goblin Zeppelin | 2 | |
52 total
» upgrades
| Spiked Barricades | 3 | |
| Armor | 3 | |
| Troll Regeneration | 1 | |
| Witch Doctor Training | 2 | |
| Ranged Weapons | 3 | |
| Envenomed Spears | 1 | |
| Shaman Training | 2 | |
| Reinforced Defenses | 1 | |
| Berserker Upgrade | 1 | |
17 total
» buildings
| Orc Burrow | 9 | |
| War Mill | 1 | |
| Stronghold | 1 | |
| Barracks | 1 | |
| Altar of Storms | 1 | |
| Voodoo Lounge | 1 | |
| Watch Tower | 21 | |
| Beastiary | 1 | |
| Spirit Lodge | 1 | |
| Fortress | 1 | |
| Great Hall | 1 | |
39 total
» build order
00:27 Orc Burrow
00:56 War Mill
01:27 Orc Burrow
02:23 Stronghold
02:30 Barracks
02:38 Altar of Storms
03:23 Voodoo Lounge
03:34 Watch Tower
04:00 Watch Tower
04:48 Beastiary
05:16 Spirit Lodge
06:34 Orc Burrow
07:05 Orc Burrow
07:57 Orc Burrow
08:22 Orc Burrow
09:56 Fortress
20:38 Great Hall
20:46 Orc Burrow
21:35 Watch Tower
21:59 Orc Burrow
23:14 Watch Tower
32:14 Watch Tower
34:28 Watch Tower
34:35 Watch Tower
35:45 Watch Tower
35:58 Watch Tower
36:05 Watch Tower
38:19 Watch Tower
38:25 Watch Tower
39:26 Watch Tower
39:33 Watch Tower
41:26 Watch Tower
41:34 Orc Burrow
42:34 Watch Tower
42:42 Watch Tower
44:04 Watch Tower
44:12 Watch Tower
45:36 Watch Tower
49:43 Watch Tower
» items
team 2 (winner)
Sev (
yellow | 33 APM | 386 actions | 11:37)
3 Warden
1 Fan of Knives
2 Blink
» actions
| Basic commands | 7 | |
| Build / train | 36 | |
| Enter build submenu | 12 | |
| Enter hero's abilities submenu | 3 | |
| Remove unit from queue | 3 | |
| Right click | 166 | |
| Select / deselect | 126 | |
| Use ability | 33 | |
386 total
» units
| Wisp | 11 | |
| Archer | 7 | |
| Huntress | 2 | |
| Hippogryph | 3 | |
23 total
» upgrades
| Strength of the Moon | 2 | |
| Moon Armor | 2 | |
| Hippogryph Taming | 1 | |
5 total
» buildings
| Altar of Elders | 1 | |
| Moon Well | 6 | |
| Ancient of War | 2 | |
| Hunter's Hall | 1 | |
| Tree of Ages | 1 | |
| Ancient of Wind | 2 | |
13 total
» build order
00:13 Altar of Elders
00:14 Moon Well
01:03 Ancient of War
02:49 Moon Well
02:53 Moon Well
04:10 Moon Well
04:44 Hunter's Hall
05:34 Tree of Ages
05:49 Moon Well
07:30 Ancient of War
08:03 Ancient of Wind
08:03 Ancient of Wind
09:45 Moon Well

»
Cotton_Tail (
red | 18 APM | 1206 actions | 66:35)
» actions
| Assign group hotkey | 1 | |
| Basic commands | 4 | |
| Build / train | 79 | |
| Enter build submenu | 41 | |
| Remove unit from queue | 10 | |
| Right click | 730 | |
| Select / deselect | 288 | |
| Select group hotkey | 2 | |
| Use ability | 51 | |
1206 total
» units
| Acolyte | 22 | |
| Ghoul | 10 | |
| Gargoyle | 13 | |
| Gryphon Rider | 3 | |
| Frost Wyrm | 3 | |
| Goblin Zeppelin | 1 | |
52 total
» upgrades
| Creature Attack | 3 | |
| Creature Carapace | 2 | |
| Freezing Breath | 1 | |
6 total
» buildings
| Crypt | 3 | |
| Ziggurat | 21 | |
| Halls of the Dead | 4 | |
| Altar of Darkness | 2 | |
| Sacrificial Pit | 1 | |
| Graveyard | 2 | |
| Black Citadel | 2 | |
| Boneyard | 2 | |
| Spirit Tower | 5 | |
| Necropolis | 2 | |
44 total
» build order
00:10 Crypt
00:15 Ziggurat
01:20 Ziggurat
01:51 Ziggurat
02:29 Halls of the Dead
07:03 Altar of Darkness
07:11 Sacrificial Pit
07:14 Ziggurat
07:16 Ziggurat
07:55 Graveyard
08:09 Black Citadel
08:09 Black Citadel
09:15 Crypt
10:31 Boneyard
10:35 Boneyard
11:54 Spirit Tower
12:01 Ziggurat
12:08 Ziggurat
12:27 Ziggurat
13:19 Spirit Tower
13:19 Spirit Tower
16:14 Ziggurat
16:17 Ziggurat
25:55 Necropolis
26:21 Ziggurat
26:52 Ziggurat
27:32 Crypt
27:56 Halls of the Dead
27:56 Halls of the Dead
27:56 Halls of the Dead
28:49 Ziggurat
28:53 Ziggurat
28:58 Ziggurat
29:02 Ziggurat
29:53 Graveyard
31:28 Spirit Tower
31:54 Spirit Tower
33:42 Ziggurat
33:47 Ziggurat
33:50 Ziggurat
33:59 Ziggurat
36:48 Altar of Darkness
43:50 Necropolis
45:44 Ziggurat
TheBlackOrder (
orange | 72 APM | 4786 actions | 66:36)
7 Archmage
3 Summon Water Elemental
3 Brilliance Aura
1 Mass Teleport
7 Goblin Tinker
3 Engineering Upgrade
3 Pocket Factory
1 Robo-Goblin
7 Pandaren Brewmaster
3 Breath of Fire
3 Drunken Haze
1 Storm Earth and Fire
» actions
| Assign group hotkey | 67 | |
| Basic commands | 292 | |
| Build / train | 235 | |
| ESC pressed | 6 | |
| Enter build submenu | 67 | |
| Enter hero's abilities submenu | 22 | |
| Give item / drop item | 12 | |
| Right click | 1542 | |
| Select / deselect | 865 | |
| Select group hotkey | 1324 | |
| Use ability | 353 | |
4786 total
» units
| Peasant | 29 | |
| Footman | 8 | |
| Goblin Shredder | 1 | |
| Goblin Zeppelin | 5 | |
| Dragonhawk Rider | 14 | |
| Gryphon Rider | 12 | |
69 total
» upgrades
| Masonry | 5 | |
| Defend | 1 | |
| Swords | 3 | |
| Lumber Harvesting | 2 | |
| Armor | 3 | |
| Backpack | 1 | |
| Animal War Training | 1 | |
| Storm Hammers | 1 | |
| Cloud | 1 | |
| Gunpowder | 3 | |
| Plating | 3 | |
| Long Rifles | 1 | |
| Magic Sentry | 1 | |
| Sorceress Training | 2 | |
| Priest Training | 2 | |
| Control Magic | 1 | |
31 total
» buildings
| Altar of Kings | 1 | |
| Barracks | 2 | |
| Farm | 13 | |
| Arcane Vault | 2 | |
| Town Hall | 4 | |
| Scout Tower | 36 | |
| Lumber Mill | 2 | |
| Arcane Tower | 1 | |
| Keep | 3 | |
| Guard Tower | 53 | |
| Blacksmith | 1 | |
| Castle | 4 | |
| Gryphon Aviary | 4 | |
| Arcane Sanctum | 1 | |
127 total
» build order
00:03 Altar of Kings
00:08 Barracks
00:11 Barracks
00:16 Farm
01:37 Farm
01:55 Arcane Vault
03:07 Farm
04:07 Town Hall
05:08 Scout Tower
05:13 Lumber Mill
05:38 Arcane Tower
05:59 Scout Tower
06:15 Keep
06:15 Keep
06:23 Scout Tower
06:26 Scout Tower
06:28 Scout Tower
06:30 Scout Tower
06:32 Scout Tower
06:35 Scout Tower
06:48 Scout Tower
06:50 Scout Tower
06:52 Scout Tower
07:06 Scout Tower
07:10 Scout Tower
07:15 Scout Tower
07:17 Guard Tower
07:17 Guard Tower
07:19 Scout Tower
07:22 Scout Tower
07:24 Guard Tower
07:25 Guard Tower
07:38 Guard Tower
07:39 Guard Tower
07:46 Guard Tower
07:47 Guard Tower
07:48 Guard Tower
07:55 Guard Tower
08:22 Blacksmith
08:48 Castle
08:48 Castle
08:49 Castle
08:52 Gryphon Aviary
08:55 Gryphon Aviary
09:07 Lumber Mill
12:28 Farm
12:31 Farm
13:10 Farm
14:01 Guard Tower
14:01 Guard Tower
14:28 Gryphon Aviary
14:29 Gryphon Aviary
16:39 Town Hall
16:43 Scout Tower
16:44 Scout Tower
17:00 Scout Tower
17:02 Scout Tower
17:43 Guard Tower
17:43 Guard Tower
17:54 Farm
17:57 Farm
18:00 Farm
18:02 Farm
18:06 Farm
19:39 Arcane Vault
20:10 Guard Tower
20:16 Guard Tower
20:16 Guard Tower
20:21 Scout Tower
20:21 Scout Tower
20:24 Scout Tower
20:27 Scout Tower
20:29 Scout Tower
20:32 Scout Tower
20:35 Guard Tower
20:35 Guard Tower
21:17 Guard Tower
21:18 Guard Tower
29:51 Guard Tower
29:51 Guard Tower
33:12 Town Hall
33:24 Scout Tower
33:25 Scout Tower
33:26 Scout Tower
33:27 Scout Tower
33:28 Scout Tower
33:29 Scout Tower
34:18 Guard Tower
34:18 Guard Tower
34:18 Guard Tower
34:21 Guard Tower
34:21 Guard Tower
34:23 Guard Tower
34:23 Guard Tower
34:25 Guard Tower
34:25 Guard Tower
34:25 Guard Tower
40:54 Town Hall
41:23 Scout Tower
41:23 Scout Tower
41:24 Scout Tower
41:25 Scout Tower
42:18 Guard Tower
42:18 Guard Tower
42:18 Guard Tower
42:21 Guard Tower
42:21 Guard Tower
42:21 Guard Tower
43:26 Arcane Sanctum
53:20 Farm
53:23 Farm
» items
| Scroll of Regeneration | 9 | |
| Pendant of Energy | 1 | |
| Mantle of Intelligence +3 | 1 | |
| Staff of Teleportation | 1 | |
| Boots of Speed | 1 | |
| Scroll of Town Portal | 7 | |
| Ivory Tower | 3 | |
| Mechanical Critter | 5 | |
| Potion of Healing | 2 | |
| Lesser Clarity Potion | 1 | |
31 total
l337sc00t4r (
teal | 20 APM | 171 actions | 08:42)
1 Paladin
1 Holy Light
» actions
| Build / train | 26 | |
| Enter build submenu | 18 | |
| Enter hero's abilities submenu | 1 | |
| Remove unit from queue | 1 | |
| Right click | 21 | |
| Select / deselect | 87 | |
| Use ability | 17 | |
171 total
» units
» upgrades
| Swords | 2 | |
| Plating | 2 | |
| Lumber Harvesting | 2 | |
| Storm Hammers | 1 | |
7 total
» buildings
| Altar of Kings | 1 | |
| Farm | 8 | |
| Lumber Mill | 2 | |
| Blacksmith | 1 | |
| Keep | 1 | |
| Castle | 1 | |
| Gryphon Aviary | 2 | |
| Arcane Vault | 1 | |
| Scout Tower | 1 | |
18 total
» build order
00:08 Altar of Kings
00:10 Farm
00:59 Lumber Mill
01:16 Farm
02:14 Blacksmith
02:36 Keep
03:28 Farm
04:10 Farm
04:49 Farm
04:58 Castle
05:03 Gryphon Aviary
05:06 Gryphon Aviary
05:30 Farm
05:58 Lumber Mill
06:10 Farm
06:31 Arcane Vault
07:30 Farm
08:11 Scout Tower
» items
Chat log
(00:17 / Allies) Sev: i go bears
(00:24 / Allies) Sev: oh shit
(00:25 / Allies) Sev: wtf
(00:29 / Allies) Sev: is this map
(00:31 / Allies) Sev: lol
(00:31 / Allies) Cotton_Tail: yep
(00:33 / Allies) l337sc00t4r: all air
(00:36 / Allies) l337sc00t4r: i hate this map
(00:45 / Allies) Sev: it will be fucking long game
(00:48 / Allies) l337sc00t4r: going straight to gryphs
(00:56 / Allies) Sev: ya i go riders also
(01:02 / 7) TheBlackOrder: I got dhawk riders
(01:07 / Allies) Cotton_Tail: getting fiends and gargs
(01:10 / Allies) Sev: mayby i go cchims?
(01:10 / Allies) TheBlackOrder: I'm getting dhawk riders
(01:15 / Allies) TheBlackOrder: don't make gargs they suck, go wyrms
(01:30 / 7) TheBlackOrder: my team is gryphon, garg, chim
(01:32 / 7) TheBlackOrder: I think
(01:59 / Allies) Sev: k i go chyms
(02:03 / 7) TheBlackOrder: kk
(02:13 / Allies) TheBlackOrder: Chims. Chimeras.
(02:17 / Allies) Sev: ya
(02:19 / Allies) l337sc00t4r: actually ima go copters
(02:26 / Allies) l337sc00t4r: or should i go gryphs?
(02:30 / Allies) TheBlackOrder: Gryphons
(02:32 / Allies) TheBlackOrder: definitely
(02:39 / Allies) l337sc00t4r: alright
(02:41 / Allies) Sev: k i go riders
(02:44 / All) ABabySeal: Anne Rice novels are the pits
(02:54 / All) ABabySeal: the poops mcgee
(03:34 / All) ABabySeal: only good modern vampire novel I've read is Fevre Dream
(03:37 / All) ABabySeal: by George RR Martin
(04:52 / 7) TheBlackOrder: bot right
(04:54 / 7) TheBlackOrder: got my expo
(07:34 / Allies) Cotton_Tail: fuck sry was afk
(07:38 / Allies) Sev: -_-
(08:42 / All) ABabySeal: MEIN GOTT
(08:43 / All) ABabySeal: LEAVE ALREADY!
(08:46 / Allies) TheBlackOrder: bye then
(09:05 / Allies) Sev: who got him?
(09:12 / Allies) TheBlackOrder: thought you were leaving?
(09:16 / Allies) Sev: nah
(09:24 / Allies) Sev: need just two ;ast wins for avatar
(09:33 / Allies) Sev: and its taking forever cuz of leavers
(09:39 / Allies) TheBlackOrder: sure it is
(09:46 / Allies) TheBlackOrder: if half of your losses are from leavers so are half of your wins
(09:55 / Allies) Sev: yep
(09:55 / Allies) Cotton_Tail: rofl
(10:03 / Allies) TheBlackOrder: "rofl"?
(10:04 / Allies) Cotton_Tail: I like oj's logic
(10:12 / Allies) Cotton_Tail: Rolling on the Floor Laughing
(10:13 / Allies) Sev: you have the right to dont trust me
(10:13 / Allies) Cotton_Tail: derp
(10:18 / Allies) TheBlackOrder: I know that, why?
(10:51 / Allies) Sev: oh god
(11:16 / Allies) Sev: ah well gg :)
(11:20 / Allies) TheBlackOrder: leave faggot
(11:23 / Allies) Sev: :)
(11:31 / Allies) TheBlackOrder: I can 1v4 this myself, better off without you.
(11:32 / Allies) Sev: youre the only big mouth here my dear bitch
(15:43 / 7) TheBlackOrder: I sent those there to feed you and forgot about them
(21:38 / 7) TheBlackOrder: I'm going to creep the southern red turtles
(22:30 / 7) TheBlackOrder: crystal ball, gay
(28:29 / All) TheBlackOrder: Mass tp, gg. Leave.
(30:27 / 7) TheBlackOrder: stab asap
(30:40 / 7) TheBlackOrder: it's just me, my expo, and red trying to rebuild at his
(32:18 / All) ThVampireLestat: guys you might want to kill green
(32:25 / All) TheBlackOrder: Why?
(32:35 / All) ABabySeal: WOOD
(32:40 / All) ThVampireLestat: kill green or he kills us
(32:51 / All) Cotton_Tail: ?
(33:00 / All) Cotton_Tail: why?
(33:03 / All) ABabySeal: I'm just killing bitch ass pink
(33:06 / All) ABabySeal: wood hoarder
(34:43 / All) ABabySeal: fuck off faggot and give wood
(34:46 / All) ABabySeal: lumber hoarder
(34:59 / All) ABabySeal: Fucking limp wristed twink
(35:02 / All) Cotton_Tail: rofl.
(35:10 / All) ABabySeal: do you sip wine from a box while you read Anne Rice?
(35:20 / All) Cotton_Tail: so green is killing pink because pink wont give green wood?
(35:22 / 7) TheBlackOrder: I got him
(35:31 / 7) TheBlackOrder: kill red's gargs
(36:03 / All) ABabySeal: INTO THE BELLY OF THE BEAST
(36:20 / All) Cotton_Tail: THOSE WERE MY ONLY UNITS
(36:22 / All) Cotton_Tail: AND U RAPED THEM
(36:49 / All) ABabySeal: good
(37:03 / Allies) Cotton_Tail: why u do this oj?
(37:25 / Allies) Cotton_Tail: oj, whats up?
(37:35 / All) ABabySeal: you are crying right now
(37:41 / All) ABabySeal: I love your salty tears though
(37:48 / All) ABabySeal: You want to hoard lumber? Face the consequences
(37:53 / All) Cotton_Tail: im crying like a baby faced cow
(38:45 / All) ABabySeal: May I have some lumber blue?
(40:10 / All) TheBlackOrder: Is that worth almost getting my expo faggot?
(40:23 / All) ABabySeal: sTANK ASS NIGGER LUMBER HOARDER
(40:42 / All) TheBlackOrder: fucking raped.
(41:10 / Allies) Cotton_Tail: wanna mass tp to these expos?
(41:49 / Allies) Cotton_Tail: or u can kill me
(41:51 / Allies) Cotton_Tail: that works too
(41:55 / All) TheBlackOrder: hope you niggers don't interrupt me killing red *again*
(42:08 / Allies) TheBlackOrder: you can keep your ghouls.
(42:09 / All) Cotton_Tail: even though theres not much to kill
(42:10 / All) Cotton_Tail: rofl
(42:13 / All) Cotton_Tail: idk what hes doing
(42:28 / All) ThVampireLestat: i think they know each other
(42:41 / All) Cotton_Tail: Really dont
(44:02 / All) TheBlackOrder: I should put those bm kills into a highlight video
(44:14 / All) TheBlackOrder: Purple, you may not know, but AoE works through wind walk and invisibility.
(44:24 / All) TheBlackOrder: sup purp
(45:43 / All) ABabySeal: Purple where do you from which country do you hail?
(46:04 / All) Cotton_Tail: how do u look up peoples win/loss ratio?
(46:08 / All) TheBlackOrder: /stats
(46:09 / All) Cotton_Tail: HEY
(46:13 / All) Cotton_Tail: Go away
(46:19 / All) TheBlackOrder: Yellow was desperate for an icon.
(46:28 / All) TheBlackOrder: He's 14 wins away.
(46:48 / Allies) Cotton_Tail: Why orange? Whyyy
(46:49 / All) ABabySeal: of pokemon?
(46:54 / All) ABabySeal: or magic the gathering?
(46:56 / All) ABabySeal: I'm impressed
(46:59 / All) ABabySeal: I bet your mother is as well
(47:28 / All) ABabySeal: ah
(47:31 / All) ABabySeal: I'm late to the party
(47:36 / All) ABabySeal: I was gonna kill that bastard Red
(47:47 / All) TheBlackOrder: he still has some ghouls to the south
(47:49 / All) TheBlackOrder: That's it though
(47:56 / All) TheBlackOrder: I was hoping he'd do some sick ghoul harass drops
(48:01 / All) TheBlackOrder: I saw that after one stab on this map
(48:07 / All) TheBlackOrder: some guy killed 5 expos with 4 ghouls
(48:09 / All) TheBlackOrder: it was amazing
(49:21 / Allies) Cotton_Tail: you want my resources OJ?
(49:28 / Allies) TheBlackOrder: sure
(50:13 / All) TheBlackOrder: hahaha
(51:35 / All) Cotton_Tail: well
(51:40 / All) Cotton_Tail: Im bored
(51:50 / All) TheBlackOrder: Why hasn't your side left yet, Turncoat?
(51:58 / All) TheBlackOrder: Surprised red hasn't.
(51:59 / All) Cotton_Tail: Pink what u been up to?
(52:05 / All) ABabySeal: Not quite sure, but it looks like a standoff in the making
(52:18 / All) TheBlackOrder: Red, would you be willing to leave your computer on all night to get the win?
(52:24 / All) TheBlackOrder: Everyone listen up.
(52:27 / All) Cotton_Tail: uhhhh
(52:29 / All) Cotton_Tail: yeah
(52:30 / All) TheBlackOrder: Green and I are working together
(52:30 / All) Cotton_Tail: i would
(52:34 / All) TheBlackOrder: We will kill everything
(52:37 / All) TheBlackOrder: including our own stuff
(52:41 / All) TheBlackOrder: And only 2 buildings will remain
(52:43 / All) TheBlackOrder: no attacking units
(52:44 / All) Cotton_Tail: This is cool
(52:46 / All) TheBlackOrder: Best internet wins
(52:48 / All) TheBlackOrder: Sound fair?
(52:56 / All) Cotton_Tail: Epic
(53:09 / 7) TheBlackOrder: Start killing your side, red seems willing
(53:15 / All) Cotton_Tail: This is totally epic
(53:49 / All) TheBlackOrder: Purple are you up for a standoff?
(54:00 / All) ABabySeal: I believe his English isn't the greatest
(54:04 / All) TheBlackOrder: It would be you vs red, you would both have an equal chance of victory.
(54:04 / All) Cotton_Tail: lol
(54:10 / All) Cotton_Tail: Epic
(54:14 / All) Cotton_Tail: LETS DO IT!
(54:44 / All) Cotton_Tail: so wait, where do u and green come into all this?
(54:47 / All) Cotton_Tail: where is the fun for u?
(55:06 / All) Cotton_Tail: you record this shit dont you?
(55:08 / All) Cotton_Tail: lolol
(55:16 / All) TheBlackOrder: We upload the replays to highper.ch
(55:23 / All) Cotton_Tail: Rofl I knew it
(55:33 / All) Cotton_Tail: whats the longest game so far?
(55:35 / All) Cotton_Tail: 15hrs?
(55:39 / All) TheBlackOrder: The longest standoff?
(55:42 / All) Cotton_Tail: yeah
(55:48 / All) TheBlackOrder: 150 hours or something, maybe 200
(55:51 / All) Cotton_Tail: WHAT?
(55:54 / All) Cotton_Tail: OMG EPIC
(56:38 / All) ABabySeal: well
(56:39 / All) TheBlackOrder: aww, he left
(56:41 / All) Cotton_Tail: Awww
(56:41 / All) TheBlackOrder: no standoff :(
(56:45 / All) Cotton_Tail: I wanted a standoff...
(56:46 / All) TheBlackOrder: Check out our replays on highper.ch red
(56:51 / All) Cotton_Tail: lol okay
(56:51 / All) TheBlackOrder: You seem pretty cool
(56:53 / All) ABabySeal: I thought me might stay if you attacked him rather than me
(57:16 / 7) TheBlackOrder: should we give him the win?
(57:42 / Allies) Cotton_Tail: nice website
(57:49 / Allies) Cotton_Tail: 624?
(57:51 / Allies) TheBlackOrder: It isn't ours, but we upload a lot on it
(57:51 / All) Cotton_Tail: lol nice
(57:58 / All) Cotton_Tail: ah
(58:33 / Allies) Cotton_Tail: which tab are u guys under?
(58:43 / All) TheBlackOrder: You mean which replays are ours?
(58:44 / All) Cotton_Tail: stabfest?
(58:47 / All) Cotton_Tail: yeah
(58:53 / All) TheBlackOrder: Yeah, the stabfests. A lot of them
(58:59 / All) Cotton_Tail: hehe
(59:03 / All) TheBlackOrder: we don't title them all the same
(59:34 / All) Cotton_Tail: You guys get anything for uploading?
(59:40 / All) ABabySeal: Yeah
(59:53 / All) ABabySeal: We get a imaginary pat on the back
(59:57 / All) Cotton_Tail: lol
(60:10 / All) TheBlackOrder: This was our best game
(60:11 / All) TheBlackOrder: http://highper.ch/index.phpEpic%20stabbing%20chat%20and%20standoff
(60:17 / All) TheBlackOrder: "Epic stabbing chat and standoff" ctrl+f it
(60:26 / All) TheBlackOrder: Other side's chat was http://highper.ch/index.php?id=lets%20try%20this%20again%20shall%20we
(60:44 / All) TheBlackOrder: It was a three stabber game. Amazing chat and game. Lasted 40 minutes with only 1 player having left
(60:45 / All) ABabySeal: That's the one opinion
(60:52 / Allies) Cotton_Tail: okay wait, I do have a question...
(60:59 / All) TheBlackOrder: Sure, what is the question?
(61:02 / All) Cotton_Tail: am I supposed to retype all that?
(61:03 / All) Cotton_Tail: lol
(61:09 / All) TheBlackOrder: No, just ctrl+f it
(61:19 / All) TheBlackOrder: "Epic stabbing chat and standoff"
(61:34 / Allies) Cotton_Tail: oo
(62:10 / All) Cotton_Tail: I thought ctrl + f in WC3 like magically copies last hyperlink
(62:11 / All) Cotton_Tail: lol
(62:19 / All) TheBlackOrder: That is ctrl+v
(62:21 / All) TheBlackOrder: Ctrl+f is find
(62:25 / All) Cotton_Tail: i know
(62:33 / All) Cotton_Tail: thats why I was confused
(62:44 / All) Cotton_Tail: actually control + v is paste
(62:49 / All) Cotton_Tail: c is copy =]
(62:51 / All) ABabySeal: What's your gold count
(62:53 / All) TheBlackOrder: That is what I said
(63:01 / All) ABabySeal: 52k here
(63:03 / All) ABabySeal: spent too long in red
(63:04 / All) TheBlackOrder: oh misread you, thought you meant paste a link
(63:05 / All) TheBlackOrder: 21k
(63:11 / All) Cotton_Tail: lol
(63:18 / All) TheBlackOrder: Do you remember how long that standoff was turncoat, the RevengeIsMine one?
(63:24 / All) ABabySeal: I probably have like 50k lost to upkeep
(63:33 / All) ABabySeal: Nay don't even remember the naem
(63:39 / All) TheBlackOrder: it was the one I linked
(63:47 / All) TheBlackOrder: where nobody left except one person 40 minutes in
(64:07 / All) ABabySeal: The one where I raped the guy's town with an AM
(64:15 / All) TheBlackOrder: Maybe not sure
(64:24 / All) TheBlackOrder: all my buildings queued up
(64:46 / All) TheBlackOrder: Any last words red?
(64:57 / All) Cotton_Tail: Can I get an invite?
(65:03 / All) TheBlackOrder: To stab with us?
(65:04 / All) ABabySeal: If blue and purple had helped pink at your base they might have won
(65:05 / All) Cotton_Tail: yes
(65:08 / 7) TheBlackOrder: Should we invite him onto MSN lol?
(65:11 / All) TheBlackOrder: Hmm
(65:15 / All) ABabySeal: give him your msn
(65:23 / All) TheBlackOrder: Sure, I am Rajhin@WhiteGloveSociety.org
(65:24 / All) TheBlackOrder: Add me on MSN
(65:31 / All) Cotton_Tail: okay
(65:34 / All) Cotton_Tail: gotta DL msn first
(65:36 / All) Cotton_Tail: lol
(65:38 / All) Cotton_Tail: sc
(65:42 / All) Cotton_Tail: sec*
(65:45 / All) TheBlackOrder: I thought that was the last building wtf
(65:54 / All) TheBlackOrder: oh duh, moon wells
(66:23 / All) ABabySeal: A GG was had by all
(66:33 / All) TheBlackOrder: Indeed